 Dungeon Crawl Stone Soup version 0.17.1-1-g73c8601 (webtiles) character file.

3672 Rationalist the Blocker (level 10, -3/77 HPs)
             Began as a Formicid Fighter on Dec 11, 2015.
             Was a Follower of Qazlal.
             Slain by a vampire mosquito (8 damage)
             ... on level 8 of the Dungeon.
             The game lasted 00:15:02 (9535 turns).

Rationalist the Blocker (Formicid Fighter)          Turns: 9535, Time: 00:15:02

Health: -3/77      AC:  8    Str: 22    XL:     10   Next: 34%
Magic:  10/10      EV: 13    Int:  5    God:    Qazlal [*.....]
Gold:   123        SH: 14    Dex: 13    Spells: 0 memorised, 9 levels left

rFire  + + .     SeeInvis +     a - +0 war axe
rCold  + . .     Clarity  .     v - +0 ring mail {rF+}
rNeg   . . .     SustAt   .     c - +0 shield
rPois  +         Gourm    .     (helmet unavailable)
rElec  +         Spirit   .     (no cloak)
rCorr  +         Warding  .     (no gloves)
rMut   .         Stasis   +     (no boots)
MR     ++...                    (no amulet)
Stlth  +.........               q - ring of protection from magic
                                s - +2 ring of protection

@: resistant, very resistant to hostile enchantments, very unstealthy
A: permanent stasis, dig shafts and tunnels, four strong arms, antennae 3, dopey
1
a: Dig, Shaft Self, Renounce Religion


You were on level 8 of the Dungeon.
You worshipped Qazlal.
Qazlal was aware of your devotion.
You were not hungry.

You visited 2 branches of the dungeon, and saw 9 of its levels.

You collected 369 gold pieces.
You spent 246 gold pieces at shops.

Inventory:

Hand Weapons
 a - a +0 war axe (weapon)
 o - a +1 arbalest of freezing
Missiles
 g - 31 sling bullets
 n - 12 bolts
Armour
 c - a +0 shield (worn)
 v - a +0 ring mail of fire resistance (worn)
Jewellery
 f - a +3 ring of strength
 q - a ring of protection from magic (right hand)
 s - a +2 ring of protection (left hand)
Wands
 d - a wand of magic darts (14)
Scrolls
 h - a scroll of enchant weapon {unknown}
 j - 2 scrolls of identify {unknown}
 l - 3 scrolls of noise {unknown}
 m - 3 scrolls of enchant armour {unknown}
 p - a scroll of magic mapping {unknown}
 r - 4 scrolls of remove curse {unknown}
 u - a scroll of immolation {unknown}
Comestibles
 e - 5 bread rations
 i - 2 meat rations


   Skills:
 + Level 6.6 Fighting
 + Level 6.0 Axes
 + Level 3.8 Crossbows
 + Level 7.7 Armour
 + Level 5.0 Dodging
 + Level 2.0 Stealth
 + Level 9.1 Shields


You had 9 spell levels left.
You didn't know any spells.

Dungeon Overview and Level Annotations

Branches:
Dungeon (8/15)             Temple (1/1) D:5            Lair (0/8) D:8

Altars:
Ashenzari
Cheibriados
Dithmenos
Elyvilon
Fedhas
Kikubaaqudgha
Nemelex Xobeh
Okawaru
Qazlal
Ru
Sif Muna
Trog
Xom
Yredelemnul
The Shining One

Shops:
D:4 !   D:6 !


Innate Abilities, Weirdness & Mutations

You are under a permanent stasis effect.
You can dig through walls and to a lower floor.
Your four strong arms can wield two-handed weapons with a shield.
You have a pair of large antennae on your head (SInv).
You are dopey. (Int -2)


Message History

* * * LOW HITPOINT WARNING * * *
The vampire mosquito draws strength from your injuries!
You slash the vampire mosquito!
The vampire mosquito is severely damaged.
You block the vampire mosquito's attack.
The vampire mosquito bites you.
* * * LOW HITPOINT WARNING * * *
The vampire mosquito draws strength from your injuries!
You completely miss the vampire mosquito.
The vampire mosquito is heavily damaged.
The vampire mosquito bites you but does no damage.
You block the vampire mosquito's attack. x2
You hit the vampire mosquito.
The vampire mosquito is severely damaged.
The vampire mosquito bites you but does no damage.
The vampire mosquito barely misses you.
You slash the vampire mosquito!
The vampire mosquito is almost destroyed.
The vampire mosquito barely misses you. The vampire mosquito bites you!
You die...

.. ###..
.............#
####
####...###.##
########...###.#
#............#.#
#.####.........#
#.# #.......###
#(# ###...###
#.# #...# #@#
##### #y#
#######.#
....)...#
#########


You could see a vampire mosquito.

Vanquished Creatures
  An elephant (D:8)
  The ghost of AlfredTheGreat the Bolt Thrower, an amateur OgHu (D:4)
  Prince Ribbit (D:7)
  Eustachio (D:6)
  A hungry ghost (D:7)
  A vampire mosquito (D:8)
  Menkaure (D:7)
  2 steam dragons
  Duvessa (D:6)
  A black bear (D:7)
  2 ogres (D:7)
  4 centaurs
  A crocodile (D:8)
  5 giant frogs
  Dowan (D:6)
  A jelly (D:7)
  4 orc wizards
  A giant frog zombie (D:8)
  Crazy Yiuf (D:7)
  2 centaur zombies
  3 hounds
  An orc priest (D:8)
  2 giant frog skeletons
  A centaur skeleton (D:8)
  6 worker ants
  An iguana (D:5)
  A sheep (D:8)
  A hound zombie (D:5)
  3 hound skeletons
  A mummy (D:5)
  4 gnolls (D:7)
  3 worker ant zombies
  4 adders
  3 oozes
  An adder zombie (D:5)
  An adder skeleton (D:4)
  3 worms
  5 giant geckos
  20 orcs
  5 bats
  6 giant cockroaches
  7 goblins
  6 hobgoblins
  17 jackals
  9 kobolds
  A quokka (D:2)
  4 ball pythons
  2 giant newts
  A jackal skeleton (D:5)
  A quokka skeleton (D:7)
  10 rats
166 creatures vanquished.

Notes
Turn   | Place    | Note
--------------------------------------------------------------
     0 | D:1      | Rationalist the Formicid Fighter began the quest for the Orb.
     0 | D:1      | Reached XP level 1. HP: 18/18 MP: 1/1
   116 | D:1      | Reached XP level 2. HP: 24/24 MP: 2/2
   271 | D:1      | Reached skill level 4 in Shields
   315 | D:1      | Reached XP level 3. HP: 18/29 MP: 3/3
  1114 | D:2      | Found an ancient bone altar of Kikubaaqudgha.
  1249 | D:2      | Reached XP level 4. HP: 37/37 MP: 4/4
  2481 | D:4      | Reached skill level 1 in Dodging
  2481 | D:4      | Reached XP level 5. HP: 35/42 MP: 5/5
  2496 | D:4      | Noticed AlfredTheGreat's ghost (amateur OgHu)
  2510 | D:4      | Killed AlfredTheGreat's ghost
  2510 | D:4      | Reached skill level 5 in Shields
  2510 | D:4      | Reached XP level 6. HP: 18/49 MP: 6/6
  2890 | D:4      | Reached XP level 7. HP: 53/55 MP: 7/7
  3101 | D:4      | Found a blossoming altar of Fedhas.
  3153 | D:4      | Found a sparkling altar of Nemelex Xobeh.
  3264 | D:4      | Found a deep blue altar of Sif Muna.
  3266 | D:4      | Found a sparkling altar of Nemelex Xobeh.
  3696 | D:4      | Found a glowing golden altar of the Shining One.
  3743 | D:4      | Found Zacias's Distillery.
  3749 | D:4      | Bought a potion of curing for 36 gold pieces
  3749 | D:4      | Bought a potion of mutation for 30 gold pieces
  3749 | D:4      | Bought a potion of invisibility for 96 gold pieces
  3754 | D:4      | Gained mutation: Scrolls take you a little longer to read. [potion of mutation]
  3754 | D:4      | Gained mutation: You are dopey. (Int -2) [potion of mutation]
  3754 | D:4      | Lost mutation: Scrolls take you a little longer to read. [potion of mutation]
  3842 | D:5      | Entered Level 5 of the Dungeon
  4027 | D:5      | Found a shadowy altar of Dithmenos.
  4177 | D:5      | Reached skill level 6 in Shields
  4486 | D:5      | Reached skill level 5 in Fighting
  4564 | D:5      | Found a snail-covered altar of Cheibriados.
  4572 | D:5      | Reached XP level 8. HP: 48/62 MP: 8/8
  4911 | D:5      | Found a staircase to the Ecumenical Temple.
  4919 | Temple   | Entered the Ecumenical Temple
  4973 | Temple   | Became a worshipper of Qazlal Stormbringer
  5147 | D:6      | Found a sacrificial altar of Ru.
  5175 | D:6      | Noticed Eustachio
  5190 | D:6      | Killed Eustachio
  5190 | D:6      | Reached skill level 5 in Armour
  5190 | D:6      | Reached skill level 1 in Stealth
  5475 | D:6      | Noticed Dowan
  5517 | D:6      | Killed Dowan
  5561 | D:6      | Noticed Duvessa
  5581 | D:6      | Killed Duvessa
  5915 | D:6      | Found Tetyaray's Distillery.
  5941 | D:6      | Bought a potion of curing for 42 gold pieces
  5941 | D:6      | Bought a potion of curing for 42 gold pieces
  5970 | D:6      | Reached skill level 5 in Axes
  5971 | D:6      | Reached skill level 7 in Shields
  5975 | D:6      | You fall through a shaft!
  5993 | D:7      | Reached XP level 9. HP: 11/68 MP: 9/9
  7427 | D:7      | Reached * piety under Qazlal
  7598 | D:7      | Noticed Prince Ribbit
  7608 | D:7      | Killed Prince Ribbit
  7608 | D:7      | Reached skill level 8 in Shields
  7731 | D:7      | Found a shimmering altar of Xom.
  7984 | D:7      | Noticed Crazy Yiuf
  7986 | D:7      | Killed Crazy Yiuf
  8180 | D:7      | Found a white marble altar of Elyvilon.
  8385 | D:7      | Noticed Menkaure
  8394 | D:7      | HP: 2/69 [Menkaure (11)]
  8397 | D:7      | Killed Menkaure
  8397 | D:7      | Reached skill level 1 in Crossbows
  8904 | D:8      | Found a staircase to the Lair.
  8905 | D:8      | Noticed an elephant
  8911 | D:8      | Reached XP level 10. HP: 75/77 MP: 10/10
  8927 | D:8      | Killed an elephant
  9236 | D:8      | Reached skill level 5 in Dodging
  9236 | D:8      | Reached skill level 9 in Shields
  9535 | D:8      | Slain by a vampire mosquito

Action                   |  1- 3 |  4- 6 |  7- 9 | 10-12 || total
-------------------------+-------+-------+-------+-------++-------
Melee: War axe           |   113 |   106 |   390 |    99 ||   708
 Fire: Arbalest          |       |       |    45 |    10 ||    55
 Abil: Dig               |       |     3 |     7 |       ||    10
       Shaft Self        |       |       |     1 |       ||     1
  Use: Scroll            |       |     1 |       |       ||     1
       Potion            |       |     1 |    14 |     1 ||    16
 Stab: Invisible         |       |       |     2 |       ||     2
  Eat: Chunk             |     1 |     5 |    15 |     3 ||    24
       Beef jerky        |       |       |     1 |       ||     1
       Meat ration       |       |       |     3 |       ||     3
       Pizza             |       |       |     1 |       ||     1
